 Dungeon Crawl Stone Soup version 0.15.0-23-gc2b521c (console) character file.

103 gw the Skirmisher (level 4, 0/40 HPs)
             Began as a Minotaur Fighter on Sept 8, 2014.
             Slain by a gnoll
             ... wielding a +0 spear
              (3 damage)
             ... on Level 3 of the Dungeon.
             The game lasted 00:00:59 (2051 turns).

gw the Skirmisher (Minotaur Fighter)                Turns: 2051, Time: 00:01:00

HP   0/40        AC  7     Str 26      XL: 4   Next: 51%
MP   2/2         EV 10     Int  5      God:
Gold 0           SH  0     Dex 10      Spells:  0 memorised,  3 levels left

rFire  + . .     SeeInvis .     a - +0 flail
rCold  . . .     Clarity  .     n - +0 leather armour {rF+}
rNeg   . . .     rCorr    .     (no shield)
rPois  .         rRot     .     (helmet restricted)
rElec  .         Spirit   .     (no cloak)
SustAb .         Warding  .     k - +0 pair of gloves
rMut   .         Stasis   .     b - +2 pair of boots
Gourm  .                        (no amulet)
MR     .....                    (no ring)
                                (no ring)

@: mighty, not resistant to hostile enchantments, very unstealthy
A: retaliatory headbutt, horns 2
a: no special abilities


You were on level 3 of the Dungeon.
You were not hungry.

You visited 1 branch of the dungeon, and saw 3 of its levels.

Inventory:

Hand weapons
 a - a +0 flail (weapon)
Missiles
 f - 2 javelins
 h - 60 stones (quivered)
Armour
 b - a +2 pair of boots (worn)
 k - a +0 pair of gloves (worn)
 n - a +0 leather armour of fire resistance (worn)
Comestibles
 d - 3 bread rations
 l - a beef jerky
 m - 3 fruits
 p - a chunk of goblin flesh
Scrolls
 c - 2 scrolls of identify
 e - a scroll of noise {unknown}
Potions
 g - a potion of resistance {unknown}
 j - a potion of confusion {unknown}
 o - a potion of restore abilities {unknown}


   Skills:
 + Level 4.3 Fighting
 * Level 3.9 Maces & Flails
 + Level 2.0 Throwing
 + Level 4.2 Armour
   Level 3.6 Shields


You had 3 spell levels left.
You didn't know any spells.

Dungeon Overview and Level Annotations

Branches:
Dungeon (3/15)

Altars:
Kikubaaqudgha


Innate Abilities, Weirdness & Mutations

You reflexively headbutt those who attack you in melee.
You have a pair of horns on your head.


Message History

You closely miss the kobold. You headbutt the kobold.
The kobold is moderately wounded.
The kobold closely misses you. You furiously retaliate!
You headbutt the kobold.
The hobgoblin hits you but does no damage.
The gnoll hits you from afar with a spear.
The gnoll hits you with a runed whip! The kobold barely misses you.
ATTACK MOVE TO (-1,1)
You hit the kobold.
You kill the kobold!
The hobgoblin misses you. The gnoll barely misses you.
The gnoll hits you with a runed whip.
Drink which item? (? for menu, Esc to quit)
You feel very mighty all of a sudden.
The hobgoblin hits you but does no damage.
The gnoll barely misses you. The hobgoblin barely misses you.
The gnoll hits you but does no damage.
ATTACK MOVE TO (-1,1)
You closely miss the hobgoblin. The hobgoblin hits you.
The gnoll hits you from afar with a spear.
You die...

#.
#.............#
#.# #..
#.###.......<.#
#.# #..#
##....#...#####
... #.######..#
#.##.# ##.#
#.##....# ..
#......## ##.
......##.<# .
.... ##H# . ...
#ggg..# .
.g.........
.............
........?......
.............
...........
......... ...


You could see 2 gnolls and 2 hobgoblins.

Table legend:
 A = Turns spent in this place as a percentage of turns spent in the entire game.
 B = Non-inter-level travel turns spent in this place as a percentage of non-inter-level travel turns spent in the entire game.
 C = Inter-level travel turns spent in this place as a percentage of turns spent in this place.
 D = Turns resting spent in this place as a percentage of non-inter-level travel turns spent in this place.
 E = Turns spent auto-exploring this place as a percentage of non-inter-level travel turns spent in this place.
 F = Non-inter-level travel turns spent in this place divided by the number of levels of this place that you've seen.
                   A       B       C       D       E      F
               +-------+-------+-------+-------+-------+----------------------
         Total | 100.0 | 100.0 |   1.6 |   5.4 |  20.2 | 160.3
       Dungeon | 100.0 | 100.0 |   1.6 |   5.4 |  20.2 | 160.3
               +-------+-------+-------+-------+-------+----------------------

Table legend:
 A = Kills in this place as a percentage of kills in entire the game.
 B = Kills by you in this place as a percentage of kills by you in the entire game.
 C = Kills by friends in this place as a percentage of kills by friends in the entire game.
 D = Other kills in this place as a percentage of other kills in the entire game.
 E = Experience gained in this place as a percentage of experience gained in the entire game.
 F = Experience gained in this place divided by the number of levels of this place that you have seen.
                   A       B       C       D       E      F
               +-------+-------+-------+-------+-------+----------------------
         Total | 100.0 | 100.0 |  -nan |  -nan | 100.0 |  49.3
       Dungeon | 100.0 | 100.0 |  -nan |  -nan | 100.0 |  49.3
               +-------+-------+-------+-------+-------+----------------------

Vanquished Creatures
  Ijyb (D:2)
  3 adders (D:2)
  A gnoll (D:3)
  A giant mite (D:1)
  An orc (D:3)
  3 bats
  A giant cockroach (D:2)
  7 goblins
  6 hobgoblins
  3 jackals (D:1)
  5 kobolds
  A quokka (D:2)
  A ball python (D:2)
  A giant newt (D:1)
  9 rats
44 creatures vanquished.

Notes
Turn   | Place    | Note
--------------------------------------------------------------
     0 | D:1      | gw, the Minotaur Fighter, began the quest for the Orb.
     0 | D:1      | Reached XP level 1. HP: 19/19 MP: 1/1
   413 | D:1      | Reached XP level 2. HP: 20/27 MP: 1/1
  1150 | D:2      | Reached skill level 1 in Throwing
  1150 | D:2      | Reached XP level 3. HP: 33/33 MP: 2/2
  1165 | D:2      | Reached skill level 4 in Fighting
  1251 | D:2      | Found an ancient bone altar of Kikubaaqudgha.
  1579 | D:2      | Reached XP level 4. HP: 40/40 MP: 2/2
  1678 | D:2      | Noticed Ijyb
  1681 | D:2      | Killed Ijyb
  2051 | D:3      | Slain by a gnoll

Action                   |  1- 3 |  4- 6 || total
-------------------------+-------+-------++-------
Melee: Flail             |    55 |    20 ||    75
Throw: Stone             |    70 |    16 ||    86
  Use: Potion            |     4 |     3 ||     7
       Scroll            |     3 |     4 ||     7
  Eat: Chunk             |     2 |     2 ||     4

Vault maps used:
D:1:      minmay_arrival_three_doors
D:2:      lemuel_coloured_pillars_altar, first_bread, uniq_iyjb
D:3:      wad_lake_hut, grunt_qazlal_sundering
